Map: Coda LE (Void)

Players

Bop - Winner!

  • Race: Protoss Protoss

Bones - Winner!

  • Race: Protoss Protoss

TheMontagues

  • Race: Terran Terran

haloOneToo

  • Race: Terran Terran

VOD

Have the link to the VOD?

Description

Time

  • Played on: May 7, 2015, 1:03 a.m.
  • Length: 9:26
Show
View Real Time Build Order
Export as new Build Order

Bop Protoss - Winner!

Build Orders: Oracle Opening, Oracle Opening, Phoenix Opening 

Get SALT Encoding   

  12  0:01  Probe  
  13  0:13  Pylon  
  13  0:18  Probe  
  14  0:28  Probe  
  14  0:34  Gateway  
  15  0:37  Probe  
  16  0:49  Probe  
  17  0:51  Assimilator  
  17  0:55  Assimilator  
  17  0:58  Probe  
  18  1:06  Probe  
  19  1:12  Pylon  
  19  1:18  Probe  
  20  1:26  Cybernetics Core  
  20  1:30  Probe  
  21  1:42  Probe  
  22  1:56  Adept  
  22  1:57  Mothership Core  
  22  2:04  Warp Gate  
  26  2:16  Pylon  
  26  2:18  Probe  
  26  2:24  Stalker  
  28  2:30  Probe  
  28  2:33  Stargate  
  30  2:44  Probe  
  30  2:56  Probe  
  31  2:58  Adept  
  33  3:08  Probe  
  34  3:16  Nexus, Oracle  
  34  3:24  Probe  
  38  3:41  Pylon  
  38  3:53  Forge  
  38  3:55  Gateway  
  38  3:58  Phoenix  
  38  3:59  Sentry  
  38  4:02  Probe  
  43  4:12  Protoss Ground Weapons Level 1  
  43  4:14  Probe  
  44  4:29  Pylon  
  44  4:33  Photon Cannon  
  44  4:35  Probe x2  
  45  4:44  Probe  
  46  4:47  Probe  
  48  4:56  Probe  
  48  4:58  Photon Cannon  
  48  4:59  Probe  
  50  5:03  Sentry x2  
  54  5:09  Probe  
  54  5:11  Probe  
  56  5:20  Assimilator x2  
  56  5:21  Pylon  
  56  5:24  Twilight Council  
  54  5:37  Protoss Ground Weapons Level 2  
  54  5:43  Probe  
  54  5:44  Probe  
  54  5:49  Adept  
  58  5:50  Adept, Oracle  
  58  5:56  Probe  
  64  6:05  Probe  
  64  6:08  Probe  
  66  6:12  Gateway  
  66  6:14  Gateway  
  66  6:23  Probe x2  
  68  6:27  Shield Upgrade  
  68  6:33  Pylon  
  68  6:36  Adept x2  
  72  6:41  Gateway  
  72  6:43  Gateway  
  72  6:45  Gateway  
  72  6:50  Gateway  
  72  6:57  Probe  
  73  7:01  Sentry  
  73  7:02  Sentry  
  77  7:10  Pylon  
  77  7:16  Robotics Facility  
  77  7:22  Pylon  
  77  7:41  Adept x4  
  77  7:42  Adept x2, Pylon  
  77  7:44  Adept  
  91  7:51  Adept  
  93  7:56  Templar Archives  
  86  8:13  Adept x6  
  86  8:18  Pylon  
  94  8:34  High Templar x2  
  94  8:35  Adept x4  
  94  8:38  Observer  
  94  8:40  Archon  
  107  8:44  Pylon  
  103  9:03  Adept x5  
  103  9:04  Adept x2  
  103  9:09  Pylon  
  117  9:17  Nexus  
Show
View Real Time Build Order
Export as new Build Order

Bones Protoss - Winner!

Build Orders:  

Get SALT Encoding   

  12  0:01  SCV  
  13  0:13  SCV  
  14  0:19  Supply Depot  
  14  0:27  SCV  
  15  0:35  Refinery  
  15  0:41  SCV  
  16  0:48  Barracks  
  16  0:55  SCV  
  17  1:07  SCV  
  18  1:37  Supply Depot  
  18  1:40  Orbital Command  
  18  1:42  Reaper  
  19  1:53  Supply Depot  
  19  2:04  Factory  
  19  2:19  SCV  
  20  2:25  Barracks Reactor  
  20  2:32  SCV  
  20  2:33  Command Center  
  21  2:40  Refinery  
  21  2:50  Widow Mine  
  23  2:53  SCV  
  24  2:59  Starport  
  24  3:01  Marine x2  
  26  3:10  SCV  
  27  3:19  Marine x2  
  29  3:27  SCV  
  30  3:30  Widow Mine  
  32  3:39  SCV  
  33  3:43  Missile Turret  
  33  3:46  Engineering Bay  
  33  3:48  Barracks  
  32  3:51  SCV  
  32  3:52  Medivac  
  35  3:58  Orbital Command  
  35  3:59  Marine x2  
  37  4:06  SCV  
  38  4:15  Terran Infantry Weapons Level 1  
  37  4:38  Factory Reactor  
  37  4:41  Starport Tech Lab  
  37  4:43  Barracks Reactor  
  37  4:48  SCV, Barracks  
  37  4:51  SCV, Barracks  
  37  4:52  Missile Turret  
  36  5:14  SCV, Marine  
  36  5:15  Marine  
  39  5:26  Marine x2  
  41  5:33  Orbital Command  
  41  5:38  Marine x2  
  41  5:50  Viking  
  41  5:51  SCV  
  41  5:55  Missile Turret  
  44  5:58  Supply Depot  
  44  5:59  Marine x2  
  44  6:00  Barracks Tech Lab  
  44  6:01  Barracks Tech Lab  
  46  6:04  Marine x2  
  46  6:06  Command Center  
  46  6:10  SCV, Supply Depot  
  49  6:15  SCV  
  50  6:22  SCV  
  50  6:24  Medivac  
  53  6:27  Medivac  
  55  6:33  SCV  
  55  6:35  SCV  
  55  6:36  Marine x3  
  58  6:40  Terran Infantry Armor Level 1  
  58  6:47  SCV  
  58  6:48  SCV  
  60  6:55  Supply Depot  
  60  6:57  Combat Shields  
  60  6:58  Stimpack  
  60  6:59  SCV  
  61  7:02  Marauder  
  61  7:03  Marauder  
  65  7:09  SCV  
  65  7:15  Armory, SCV  
  67  7:17  Engineering Bay  
  67  7:21  SCV  
  67  7:22  Orbital Command  
  68  7:27  SCV  
  69  7:33  SCV  
  69  7:36  Refinery  
  70  7:37  Marine x3  
  70  7:38  Refinery, Marauder x2  
  70  7:39  SCV  
  78  7:52  SCV  
  76  8:10  Marine  
  76  8:11  Marine x3, Marauder x2  
  61  8:17  Siege Tank  
  61  8:18  Medivac x2  
  45  8:28  Marine x2  
  45  8:29  Marine  
  27  8:38  Marine  
  17  8:55  Orbital Command  
Show
View Real Time Build Order
Export as new Build Order

TheMontagues Terran 

Build Orders:  

Get SALT Encoding   

Show
View Real Time Build Order
Export as new Build Order

haloOneToo Terran 

Build Orders:  

Get SALT Encoding   

Tags
 
Add a new tag
Caveats
  • Supply blocks, unpowered buildings, or Contaminate may cause inaccurate times.
  • Supply counts are checked every 10 seconds.